 Dungeon Crawl Stone Soup version 0.26-a0-1181-gd376ed14c5 (webtiles) character file.

Game seed: 2301416118271735370

28097 wythoutpain the Cleaver (level 13, -1/168 HPs)
             Began as a Minotaur Fighter on Dec 25, 2020.
             Was an Elder of Trog.
             Slain by a six-headed hydra (7 damage)
             ... on level 2 of the Lair of Beasts.
             The game lasted 01:24:22 (14975 turns).

wythoutpain the Cleaver (Minotaur Fighter)         Turns: 14975, Time: 01:24:24

Health: -1/168     AC: 24    Str: 38    XL:     13   Next: 7%
Magic:  14/14      EV: 10    Int:  5    God:    Trog [****..]
Gold:   681        SH: 14    Dex: 10    Spells: 12/12 levels left

rFire    . . .     SeeInvis +   k - +9 mace of Qurac {vorpal, SInv}
rCold    . . .     Faith    .   c - +0 kite shield
rNeg     . . .     Spirit   .   P - +2 plate armour
rPois    .         Reflect  .   J - +2 hat
rElec    .         Harm     .   C - +1 cloak
rCorr    .         Rampage  .   x - +0 pair of gloves {archery}
Will     ++...                  K - +0 pair of boots
Stlth    ..........             g - amulet of magic regeneration
HPRegen  1.38/turn              U - +6 ring of strength
MPRegen  0.39/turn              y - +6 ring of strength

@: mighty, berserking, regenerating, studying Slings, very quick
A: retaliatory headbutt, horns 2
a: Renounce Religion, Berserk, Trog's Hand, Brothers in Arms


You were on level 2 of the Lair of Beasts.
You worshipped Trog.
Trog was greatly pleased with you.
You visited 3 branches of the dungeon, and saw 13 of its levels.

You collected 950 gold pieces.
You spent 269 gold pieces at shops.

Inventory:

Hand Weapons
 k - the +9 mace of Qurac (weapon) {vorpal, SInv}
   (You found it on level 9 of the Dungeon)

   It inflicts extra damage upon your enemies.
   It lets you see invisible.
 F - the +5 whip of Tushraggapp {elec, *Corrode Str+3 SInv Stlth+}
   (You found it on level 1 of the Lair of Beasts)

   Occasionally, upon striking a foe, it can discharge electrical energy and
   cause terrible harm.
   It affects your strength (+3).
   It lets you see invisible.
   It may corrode you when you take damage.
   It makes you more stealthy.
Armour
 c - a +0 kite shield (worn)
 x - a +0 pair of gloves of archery (worn)
 B - a scarf of invisibility
 C - a +1 cloak (worn)
 J - a +2 hat (worn)
 K - a +0 pair of boots (worn)
 P - a +2 plate armour (worn)
 Q - a +2 ring mail of willpower
 W - +0 swamp dragon scales
Jewellery
 g - an amulet of magic regeneration (around neck)
 m - an uncursed ring of fire
 n - an uncursed ring of see invisible
 s - a +4 ring of evasion
 y - a +6 ring of strength (right hand)
 L - an uncursed ring of resist corrosion
 N - an uncursed ring of flight
 U - a +6 ring of strength (left hand)
Wands
 f - a wand of iceblast (12)
 G - a wand of paralysis (11)
 H - a wand of disintegration (12)
 O - a wand of flame (20)
 R - a wand of acid (20)
Scrolls
 a - 5 scrolls of identify
 e - 7 scrolls of teleportation
 i - 2 scrolls of magic mapping
 q - 2 scrolls of blinking
 r - 4 scrolls of enchant weapon
 w - 2 scrolls of fog
 D - a scroll of immolation
 Y - 2 scrolls of remove curse
Potions
 b - 2 potions of heal wounds
 d - 5 potions of might
 h - 4 potions of flight
 o - 6 potions of curing
 p - a potion of cancellation
 u - 3 potions of attraction
 v - 2 potions of ambrosia
 z - a potion of berserk rage
 A - a potion of haste
 T - 2 potions of lignification
 X - 3 potions of resistance
Books
 I - a manual of Slings


   Skills:
 + Level 9.7 Fighting
 + Level 2.1(2.4) Short Blades
 + Level 1.7(2.3) Long Blades
 + Level 12.2(13.5) Axes
 + Level 10.2(12.6) Maces & Flails
 + Level 1.7(8.2) Polearms
 + Level 1.7(6.8) Staves
 + Level 3.7(4.0) Slings
 + Level 1.5 Bows
 + Level 1.5 Crossbows
 + Level 1.4(2.6) Throwing
 + Level 11.4 Armour
 + Level 3.9 Dodging
 + Level 11.8 Shields
 + Level 1.5 Unarmed Combat
 + Level 2.6 Invocations
 + Level 2.1 Evocations


You had 12 spell levels left.
You didn't know any spells.
Your spell library was empty.

Dungeon Overview and Level Annotations

Branches:
Dungeon (10/15)            Temple (1/1) D:6            Lair (2/6) D:10
  Swamp: Lair:2-4    Shoals: Lair:2-4     Snake: Lair:2-4    Spider: Lair:2-4
    Orc: D:9-12

Altars:
Ashenzari
Cheibriados
Dithmenos
Elyvilon
Fedhas
Gozag
Hepliaklqana
Kikubaaqudgha
Makhleb
Nemelex Xobeh
Okawaru
Qazlal
Ru
Sif Muna
Trog
Uskayaw
Vehumet
Wu Jian
Xom
Yredelemnul
Zin
The Shining One

Shops:
D:8 *

Annotations:
D:4 exclusion: statue
Lair:2 exclusion: oklob plant, Seuckyum's ghost, journeyman GnFi


Innate Abilities, Weirdness & Mutations

You reflexively headbutt those who attack you in melee.
You have a pair of horns on your head.


Message History

The six-headed hydra bites you!
* * * LOW HITPOINT WARNING * * *
The six-headed hydra bites you!
* * * LOW HITPOINT WARNING * * *
The six-headed hydra misses you. The six-headed hydra barely misses you.
Your ogre barely misses the moth of wrath.
The moth of wrath bites you!
* * * LOW HITPOINT WARNING * * *
The moth of wrath infuriates you!
A red film seems to cover your vision as you go berserk!
You feel yourself moving faster!
You feel mighty!
You are too berserk!
There is a transporter here.
You enter the transporter and appear at another place.
You feel a strong urge to attack something.
The six-headed hydra bites you but does no damage.
The six-headed hydra closely misses you. x2
You block the six-headed hydra's attack.
The six-headed hydra bites you!
You die...

##......#....!!?$.#..##.......P(.
#.....##.##..[###....#......(...
##.....#.....#.....#.##..P..(....
#......#..##F.O..#...#...........
##.....#...lW.#..##..#...........
#.....##..y#y..#....#.....(.....
#......#©...#......##.#...#.#...
#......#####..###.##..##.##.##..
#....#.....####@###..###........
#...............D...#.##..#.+#..
#.....#P...........####..##..#.#
##.....##.........####P##....8..#
#.....####........# ##...........
##...............## #............
####............# ##........##.
#.)P...#....##.######.......≈≈..
P$P..##.....#..#.#...........#.


You could see a six-headed hydra (berserk).

Vanquished Creatures
  3 boulder beetles
  A two-headed ogre (D:10)
  A queen ant (Lair:2)
  A black mamba (Lair:1)
  Maurice (D:10)
  Maggie (D:8)
  6 cane toads
  A rime drake (Lair:2)
  A komodo dragon (D:10)
  The ghost of Cheivey the Ducker, an amateur TrBe of Trog (D:4)
  A troll (D:10)
  The ghost of jr88keys the Shield-Bearer, an amateur GrFi (D:4)
  Sigmund (D:4)
  The ghost of gaul the Magician, an amateur DEFE (D:4)
  A redback (Lair:1)
  18 yaks
  Eustachio (D:4)
  A wraith (D:10)
  2 wyverns
  2 humans (D:7)
  A tarantella (Lair:1)
  7 soldier ants (Lair:2)
  12 water moccasins
  4 orc warriors
  An ice beast (D:8)
  3 sky beasts
  3 phantoms
  The ghost of Boomaye the Covert, an amateur GnDe (D:4)
  8 ogres
  2 centaurs
  Blork the orc (D:5)
  5 bullfrogs
  2 wyvern zombies
  5 scorpions
  A water moccasin skeleton (D:9)
  10 howler monkeys
  2 quasits
  3 hounds
  3 orc priests
  2 centaur skeletons
  3 iguanas
  6 bullfrog skeletons
  Ijyb (D:4)
  7 orc wizards
  28 worker ants
  2 hound zombies (D:6)
  8 gnolls
  7 adders
  2 orc zombies (D:8)
  2 white imps
  2 ufetubi (D:6)
  2 oozes
  4 adder skeletons
  3 worms (D:3)
  A dart slug (D:1)
  5 leopard geckos
  35 orcs
  3 giant cockroaches
  6 hobgoblins
  7 jackals
  5 quokkas
  A ball python (D:8)
  7 bats
  6 frilled lizards
  8 goblins
  11 kobolds
  2 quokka skeletons
  A quokka zombie (D:10)
  7 rats
304 creatures vanquished.

Vanquished Creatures (others)
  A fungus (Lair:1)
  27 plants
28 creatures vanquished.

Grand Total: 332 creatures vanquished

Notes
Turn   | Place    | Note
-------+----------+-------------------------------------------
     0 | D:1      | wythoutpain the Minotaur Fighter began the quest for the
                  | Orb.
     0 | D:1      | Reached XP level 1. HP: 19/19 MP: 0/0
    13 | D:1      | Reached XP level 2. HP: 27/27 MP: 1/1
   346 | D:1      | Reached XP level 3. HP: 32/33 MP: 2/2
   475 | D:1      | Reached skill level 3 in Axes
   904 | D:2      | Found a bloodstained altar of Trog.
   911 | D:2      | Became a worshipper of Trog the Wrathful
  1172 | D:2      | Found a blossoming altar of Fedhas.
  1426 | D:3      | Reached XP level 4. HP: 40/40 MP: 3/3
  1484 | D:3      | Noticed an ogre
  1489 | D:3      | Killed an ogre
  1490 | D:3      | Reached skill level 4 in Axes
  1490 | D:3      | Reached skill level 1 in Invocations
  1490 | D:3      | Reached XP level 5. HP: 47/47 MP: 4/4
  1673 | D:3      | Reached * piety under Trog
  2243 | D:4      | Noticed Ijyb
  2263 | D:4      | Killed Ijyb
  2264 | D:4      | Reached XP level 6. HP: 47/53 MP: 6/6
  2313 | D:4      | Noticed Sigmund
  2327 | D:4      | Killed Sigmund
  2328 | D:4      | Reached skill level 5 in Axes
  2328 | D:4      | Reached skill level 5 in Armour
  2328 | D:4      | Reached skill level 1 in Dodging
  2675 | D:4      | Noticed Eustachio
  2693 | D:4      | Killed Eustachio
  2694 | D:4      | Reached skill level 5 in Fighting
  2694 | D:4      | Reached skill level 6 in Axes
  2694 | D:4      | Reached skill level 5 in Shields
  2694 | D:4      | Reached XP level 7. HP: 51/61 MP: 7/7
  2918 | D:4      | Found a runed translucent gate.
  2918 | D:4      | Found a runed translucent gate.
  2918 | D:4      | Found a runed translucent gate.
  2918 | D:4      | Noticed Cheivey's ghost (amateur TrBe)
  2919 | D:4      | Noticed Boomaye's ghost (amateur GnDe)
  2919 | D:4      | Noticed jr88keys's ghost (amateur GrFi)
  2919 | D:4      | Noticed gaul's ghost (amateur DEFE)
  2927 | D:4      | Killed Boomaye's ghost
  2932 | D:4      | Killed Cheivey's ghost
  2933 | D:4      | Reached skill level 7 in Axes
  2933 | D:4      | Killed jr88keys's ghost
  2934 | D:4      | Reached XP level 8. HP: 69/69 MP: 8/8
  2941 | D:4      | Killed gaul's ghost
  2942 | D:4      | Reached skill level 8 in Axes
  3528 | D:4      | Found an opulent altar of Gozag.
  3707 | D:4      | Found a radiant altar of Vehumet.
  3914 | D:5      | Entered Level 5 of the Dungeon
  4005 | D:5      | Found a shimmering altar of Xom.
  4006 | D:5      | Found a hazy altar of Hepliaklqana.
  4007 | D:5      | Noticed a spectral ugly thing
  4159 | D:5      | Reached skill level 9 in Axes
  4201 | D:5      | Reached ** piety under Trog
  4241 | D:5      | Found a sparkling altar of Nemelex Xobeh.
  4701 | D:5      | Noticed Blork the orc
  4711 | D:5      | Killed Blork the orc
  4858 | D:6      | Found a sacrificial altar of Ru.
  4895 | D:6      | Reached XP level 9. HP: 78/78 MP: 9/9
  5076 | D:6      | Found a burning altar of Makhleb.
  5174 | D:6      | Found a white marble altar of Elyvilon.
  5296 | D:6      | Reached skill level 10 in Axes
  5422 | D:6      | Found a staircase to the Ecumenical Temple.
  5949 | D:7      | Reached skill level 1 in Slings
  5957 | D:7      | Found an iron altar of Okawaru.
  6772 | D:8      | Reached *** piety under Trog
  7168 | D:8      | Reached skill level 11 in Axes
  7227 | D:8      | Found a transporter.
  7249 | D:8      | Reached XP level 10. HP: 86/86 MP: 10/10
  7445 | D:8      | Found a transporter.
  7446 | D:8      | Found Moiv's General Store.
  7450 | D:8      | Noticed Maggie
  7470 | D:8      | Killed Maggie
  7731 | D:8      | Bought a scroll of enchant weapon for 112 gold pieces
  7731 | D:8      | Bought a scroll of remove curse for 45 gold pieces
  7731 | D:8      | Bought a scroll of enchant armour for 112 gold pieces
  8734 | D:9      | Found a broken altar of Ashenzari.
  8964 | Temple   | Entered the Ecumenical Temple
  9198 | D:9      | Noticed a +0 dagger
  9198 | D:9      | Noticed a +0 dagger
  9199 | D:9      | Found a hide-covered altar of Uskayaw.
  9279 | D:9      | Got a pitted mace
  9292 | D:9      | Reached **** piety under Trog
  9383 | D:9      | Identified the +9 mace of Qurac {vorpal, SInv} (You found
                  | it on level 9 of the Dungeon)
  9725 | D:10     | Entered Level 10 of the Dungeon
  9731 | D:10     | Noticed Maurice
  9736 | D:10     | Killed Maurice
  9737 | D:10     | Reached skill level 1 in Maces & Flails
  9767 | D:10     | Found a shadowy altar of Dithmenos.
  9803 | D:10     | Reached skill level 12 in Axes
 10164 | D:10     | Reached skill level 10 in Shields
 10682 | D:10     | Found a staircase to the Lair.
 10718 | D:10     | Found a shadowy altar of Dithmenos.
 10723 | D:10     | Noticed a two-headed ogre
 10729 | D:10     | Killed a two-headed ogre
 10964 | D:10     | Reached XP level 11. HP: 94/94 MP: 11/11
 11283 | Lair:1   | Entered Level 1 of the Lair of Beasts
 11331 | Lair:1   | Reached skill level 5 in Maces & Flails
 11640 | Lair:1   | Reached skill level 10 in Armour
 11706 | Lair:1   | Found a runed translucent door.
 11725 | Lair:1   | Got a transparent whip
 11733 | Lair:1   | Identified the +5 whip of Tushraggapp {elec, *Corrode Str+3
                  | SInv Stlth+} (You found it on level 1 of the Lair of
                  | Beasts)
 11795 | Lair:1   | Noticed a boulder beetle
 11797 | Lair:1   | Noticed a boulder beetle
 11805 | Lair:1   | Killed a boulder beetle
 11817 | Lair:1   | Killed a boulder beetle
 12901 | Lair:1   | Reached skill level 1 in Long Blades
 12901 | Lair:1   | Reached skill level 1 in Polearms
 12901 | Lair:1   | Reached skill level 1 in Staves
 12901 | Lair:1   | Reached skill level 1 in Bows
 12901 | Lair:1   | Reached skill level 1 in Crossbows
 12901 | Lair:1   | Reached skill level 1 in Throwing
 12901 | Lair:1   | Reached skill level 1 in Unarmed Combat
 12901 | Lair:1   | Reached XP level 12. HP: 104/104 MP: 11/13
 13345 | Lair:2   | Noticed a boulder beetle
 13377 | Lair:2   | Killed a boulder beetle
 14141 | Lair:2   | Noticed a queen ant
 14163 | Lair:2   | Reached XP level 13. HP: 111/111 MP: 14/14
 14168 | Lair:2   | Reached skill level 10 in Maces & Flails
 14646 | Lair:2   | Noticed Seuckyum's ghost (journeyman GnFi)
 14681 | Lair:2   | Found a transporter.
 14698 | Lair:2   | Found a transporter.
 14973 | Lair:2   | HP: 2/112 [moth of wrath (11)]
 14975 | Lair:2   | Slain by a six-headed hydra

Illustrated notes

Levels and vault maps discovered:
D:1:      dpeg_arrival_tiny_a, layout_basic
D:2:      layout_loops_ring, lemuel_crystal_altar, trog_three_pillars_becter
D:3:      layout_basic, chequers_serial_rivers_micro_b, minmay_misc_feat_tiny
D:4:      layout_cave_pods, nicolae_gozag_cash_rules_everything_around_me,
          vehumet_statue, gammafunk_ghost_cemetery, uniq_eustachio, uniq_ijyb,
          uniq_sigmund
D:5:      layout_loops_ring, regret_index_temple_of_mockery,
          general_overflow_altar, uniq_blork_the_orc
D:6:      layout_loops_cross, nicolae_overflow_hidden_temple, elyvilon_altar_1,
          marbit_many_paths, temple_hall, minmay_manual_maat
D:7:      layout_cave_pools, okawaru_humans, serial_co_window_serial,
          co_window_corner_a, co_window_paths_b, co_window_corner_a,
          co_window_corner_a, co_window_paths_b, co_window_of_opportunity_b,
          co_window_broadway_c, co_window_broadway_c, co_window_paths_e,
          co_window_4corner_a, glass_columns_b, glass_columns_a
D:8:      gammafunk_cloud_chamber, layout_basic, serial_shops, shop_statue,
          uniq_maggie
D:9:      layout_loops_ring, dancing_weapons_uskayaw, old_standard_altar
D:10:     layout_irregular_city, david_lair_shrubbed, basic_altar,
          grunt_dithmenos_smoke_and_mirrors, uniq_maurice
Temple:   zaba_magenta_temple
Lair:1:   gammafunk_indiana_jones, layout_regular_city, serial_forest,
          infiniplex_forest_end_1, infiniplex_forest_lined_3,
          infiniplex_forest_end_2, infiniplex_forest_straight_3,
          infiniplex_forest_clump_small, infiniplex_forest_clump_double,
          grunt_megastairs_5
Lair:2:   layout_gridlike, gammafunk_ghost_berserking_beasts,
          nicolae_quartered_pool_medium, zaba_antful_of_joy,
          minmay_lair_oklob_chamber, grunt_megastairs_4, lemuel_fruit_tree

Skill      XL: |  1  2  3  4  5  6  7  8  9 10 11 12 13 |
---------------+----------------------------------------+-----
Armour         | 4 5 6 8 9 10 11 | 11.4
Fighting       | 4 5 6 7 8 9 |  9.7
Shields        | 4 5 6 7 8 10 11 | 11.8
Axes           | 3 4 6 7 9 11 12 | 12.2
Invocations    | 1 2 |  2.6
Dodging        | 1 2 3 |  3.9
Slings         | 2 3 |  3.7
Maces & Flails | 4 8 9 10 | 10.2
Short Blades   | 2 |  2.1
Long Blades    | 1 |  1.7
Polearms       | 1 |  1.7
Staves         | 1 |  1.7
Bows           | 1 |  1.5
Crossbows      | 1 |  1.5
Throwing       | 1 |  1.4
Unarmed Combat | 1 |  1.5
Evocations     | 2 |  2.1

Action                   |  1- 3 |  4- 6 |  7- 9 | 10-12 | 13-15 || total
-------------------------+-------+-------+-------+-------+-------++-------
Melee: War axe           |    82 |   102 |   168 |       |       ||   352
       Headbutt          |     8 |    13 |    63 |    95 |    14 ||   193
       Hand axe          |       |       |   132 |    89 |       ||   221
       Mace              |       |       |       |   279 |    47 ||   326
Invok: Berserk           |       |       |     1 |     1 |       ||     2
       Trog's Hand       |       |       |       |       |     1 ||     1
       Brothers in Arms  |       |       |       |       |     1 ||     1
  Use: Scroll            |     4 |     5 |     8 |    11 |       ||    28
       Potion            |       |     1 |     1 |     2 |     2 ||     6
Armor: Scale mail        |    36 |    24 |       |       |       ||    60
       Chain mail        |       |    17 |    85 |       |       ||   102
       Skin              |       |     2 |       |       |       ||     2
       Plate armour      |       |       |    21 |   133 |    63 ||   217
Dodge: Dodged            |    21 |    17 |    50 |   112 |    52 ||   252
Block: Kite shield       |    38 |    50 |   149 |   221 |    69 ||   527

Table legend: (Time is in decaauts)
 A = Elapsed time spent in this place.
 B = Non-inter-level travel time spent in this place.
 C = Inter-level travel time spent in this place.
 D = Time resting spent in this place.
 E = Time spent auto-exploring this place.
 F = Levels seen in this place.
 G = Mean time per level.
                   A        B        C        D        E       F      G
               +--------+--------+--------+--------+--------+-----+--------+
         Total |  15006 |  13545 |   1461 |   1454 |  10040 |  13 | 1154.3 |
       Dungeon |  11552 |  10203 |   1349 |   1220 |   7415 |  10 | 1155.2 |
        Temple |    130 |     99 |     31 |      0 |     57 |   1 |  130.0 |
          Lair |   3322 |   3242 |     80 |    234 |   2568 |   2 | 1661.0 |
               +--------+--------+--------+--------+--------+-----+--------+

Top non-repeatable levels by time:
     D:8: 2331 daAuts
     D:4: 1710 daAuts
  Lair:1: 1693 daAuts
  Lair:2: 1628 daAuts
     D:6: 1359 daAuts
    D:10: 1087 daAuts
     D:7: 974 daAuts
     D:9: 920 daAuts
     D:5: 878 daAuts
     D:3: 852 daAuts
     D:2: 752 daAuts
     D:1: 685 daAuts
  Temple: 130 daAuts
